 Dungeon Crawl Stone Soup version 0.23-a0-407-g92528d7 (webtiles) character file.

502 XanderDroid the Cudgeler (level 7, -4/44 HPs)
             Began as a Gargoyle Fighter on Nov 7, 2018.
             Slain by an ogre
             ... wielding a +0 giant spiked club
              (24 damage)
             ... on level 4 of the Dungeon.
             The game lasted 00:17:44 (4644 turns).

XanderDroid the Cudgeler (Gargoyle Fighter)         Turns: 4644, Time: 00:17:45

Health: -4/44      AC: 15    Str: 20    XL:     7   Next: 17%
Magic:  7/7        EV:  9    Int:  9    God:
Gold:   177        SH:  9    Dex: 10    Spells: 6/6 levels left

rFire    . . .     SeeInvis .   a - +0 flail
rCold    . . .     Gourm    .   c - +0 shield
rNeg     + . .     Faith    .   w - +0 chain mail
rPois    ∞         Spirit   .   y - +0 helmet
rElec    +         Reflect  .   v - scarf {cloud immunity}
rCorr    .         Harm     .   (no gloves)
MR       .....                  (no boots)
Stlth    ..........             (no amulet)
HPRegen  0.14/turn              q - +4 ring of evasion (curse)
MPRegen  0.10/turn              (no ring)

@: no status effects
A: negative energy resistance 1, electricity resistance, unbreathing,
petrification resistance, rot immunity, AC +4
a: no special abilities


You were on level 4 of the Dungeon.
You were very hungry.

You visited 1 branch of the dungeon, and saw 5 of its levels.
You also visited: Sewer.

You collected 177 gold pieces.

Inventory:

Hand Weapons
 a - a +0 flail (weapon)
 b - a +1 hunting sling of freezing
Missiles
 l - 137 stones (quivered)
 r - 24 sling bullets
Armour
 c - a +0 shield (worn)
 v - a scarf of cloud immunity (worn)
 w - a +0 chain mail (worn)
 y - a +0 helmet (worn)
Jewellery
 q - a cursed +4 ring of evasion (left hand)
Wands
 s - a wand of acid (10)
Scrolls
 g - 2 scrolls of amnesia
 h - 4 scrolls of teleportation
 i - 3 scrolls of remove curse
 k - a scroll of fear
 n - a scroll of immolation
 t - 4 scrolls of fog
 x - a scroll of magic mapping {unknown}
 z - 3 scrolls of identify
Potions
 d - a potion of might
 e - 2 potions of flight {unknown}
 j - 3 potions of curing
 m - a potion of cancellation {unknown}
 o - a potion of heal wounds {unknown}
 p - a potion of invisibility {unknown}
 u - a potion of ambrosia {unknown}
Comestibles
 f - 6 rations


   Skills:
 + Level 4.7 Fighting
 * Level 5.0 Maces & Flails
 + Level 4.8 Armour
 + Level 4.9 Shields


You had 6 spell levels left.
You didn't know any spells.
Your spell library was empty.

Dungeon Overview and Level Annotations

Branches:
Dungeon (5/15)
 Temple: D:4-7

Altars:
Cheibriados
Dithmenos
Gozag
Qazlal
Wu Jian


Innate Abilities, Weirdness & Mutations

You are resistant to torment.
Your stone body is resilient. (AC +4)
You are immune to poison.
You resist negative energy. (rN+)
You are resistant to electric shocks. (rElec)
You can survive without breathing.
You are immune to petrification.
You are immune to rotting.


Message History

You destroy the hound zombie!
Your Maces & Flails skill increases to level 5!
There is a stone staircase leading up here.
The ogre hits you with a +0 giant spiked club!
You climb upwards.
There is a stone staircase leading down here.
You sock the ogre!
The ogre is moderately wounded.
The ogre hits you with a +0 giant spiked club!
You are too injured to fight recklessly!
You are too injured to fight recklessly!
You are too injured to fight recklessly!
You hit the ogre.
The ogre is heavily wounded.
The ogre closely misses you.
You hit the ogre.
The ogre is heavily wounded.
The ogre hits you with a +0 giant spiked club!!
Ouch! That really hurt!
You die...

##...........#.......<.##.###
##...........#.#.####.###########
########'#...#.#................#
# #.#...#.#..#.#.#########.# #
#.#...............# #.#
########.#.#.#.#..#...##.# #.#
.........#.#..........##.# #.#
...........###.###....##.# #.#
..............[O@.....##.# #.#
#########......###..#.##.######.#
#...........#.##......... ##
#......####.#.#########.# .#
######.....## #...........#.. .#
#...........####..########.### .#
#..................# #.# .#
#..................#######.###
.###.............................


You could see an ogre.

Vanquished Creatures
  Purgy (Sewer)
  A scorpion (D:4)
  A crimson imp (D:5)
  An orc priest (D:2)
  A bullfrog skeleton (D:4)
  2 worker ants
  A hound zombie (D:5)
  2 hound skeletons
  A gnoll (D:1)
  6 adders
  A shadow imp (D:5)
  An ooze (D:1)
  4 worms
  4 leopard geckos
  9 orcs
  2 ball pythons
  9 bats
  4 giant cockroaches (D:3)
  7 goblins
  5 hobgoblins
  3 jackals (D:2)
  A quokka (D:3)
  8 frilled lizards
  8 kobolds
  7 rats
90 creatures vanquished.

Notes
Turn   | Place    | Note
-------+----------+-------------------------------------------
     0 | D:1      | XanderDroid the Gargoyle Fighter began the quest for the
                  | Orb.
     0 | D:1      | Reached XP level 1. HP: 14/14 MP: 1/1
   106 | D:1      | Reached XP level 2. HP: 19/19 MP: 2/2
   406 | D:1      | Reached XP level 3. HP: 23/23 MP: 3/3
  1065 | D:2      | Found an opulent altar of Gozag.
  1392 | D:2      | Found a shadowy altar of Dithmenos.
  1410 | D:2      | Reached skill level 3 in Maces & Flails
  1531 | D:2      | Reached XP level 4. HP: 29/29 MP: 4/4
  2038 | D:2      | Reached XP level 5. HP: 22/33 MP: 5/5
  2284 | D:3      | Noticed an air elemental
  2286 | D:3      | Found a stormy altar of Qazlal.
  2365 | D:3      | Found a glowing drain.
  2375 | Sewer    | Entered a sewer
  2467 | Sewer    | Noticed Purgy
  2495 | Sewer    | Killed Purgy
  2495 | Sewer    | Reached skill level 4 in Maces & Flails
  2495 | Sewer    | Reached XP level 6. HP: 19/38 MP: 6/6
  2789 | D:3      | Found an ornate altar of the Wu Jian Council.
  3039 | D:3      | Noticed a fire elemental
  3039 | D:3      | Noticed a water elemental
  4472 | D:5      | Entered Level 5 of the Dungeon
  4521 | D:5      | Reached XP level 7. HP: 40/44 MP: 7/7
  4555 | D:5      | Found a snail-covered altar of Cheibriados.
  4633 | D:5      | Reached skill level 5 in Maces & Flails
  4644 | D:4      | Slain by an ogre

Vault maps used:
D:1:      lightli_arrival_windingriver, grunt_decor_mini_mirrors
D:2:      nicolae_gozag_cash_rules_everything_around_me, old_standard_altar
D:3:      nicolae_overflow_hidden_temple, portal_sewer_entry_f,
          chequers_hall_statues_corner_a, chequers_serial_rivers_micro_b,
          hangedman_decor_clover_reticule, chequers_decorated_corner,
          st_stairs_6, nicolae_qazlal_style_of_elements
D:4:      first_ration
D:5:      nicolae_overflow_crystal_walls, old_standard_altar, tso_altar,
          uniq_eustachio
Sewer:    kennysheep_door_sewer

Skill      XL: |  1  2  3  4  5  6  7 |
---------------+----------------------+-----
Maces & Flails | 3 4 5 |  5.0
Fighting       | 4 |  4.7
Armour         | 4 |  4.8
Shields        | 4 |  4.9

Action                   |  1- 3 |  4- 6 |  7- 9 || total
-------------------------+-------+-------+-------++-------
Melee: Flail             |   123 |   248 |    25 ||   396
 Fire: Hunting sling     |     4 |       |       ||     4
  Use: Scroll            |       |     9 |       ||     9
  Eat: Chunk             |     2 |     6 |       ||     8
       Ration            |       |     1 |       ||     1
Armor: Scale mail        |    90 |    28 |       ||   118
       Chain mail        |       |   121 |    12 ||   133
Dodge: Dodged            |    38 |   114 |    11 ||   163
Block: Shield            |    66 |   137 |     6 ||   209

Table legend:
 A = Non-vault XP
 B = Vault XP
 C = Vault XP percentage of total XP
 D = Non-vault monster count
 E = Vault monster count
 F = Vault count percentage of total count
                 A         B        C        D         E       F
            +---------+---------+-------+---------+---------+-------
      Total |     556 |     162 |  22.6 |      78 |      12 |  13.3
            +---------+---------+-------+---------+---------+-------
        D:1 |      46 |       0 |   0.0 |      18 |       0 |   0.0
        D:2 |     126 |       0 |   0.0 |      24 |       0 |   0.0
        D:3 |      53 |      14 |  20.9 |      20 |       6 |  23.1
        D:4 |     179 |       0 |   0.0 |       9 |       0 |   0.0
        D:5 |     152 |       0 |   0.0 |       7 |       0 |   0.0
      Sewer |       0 |     148 | 100.0 |       0 |       6 | 100.0
            +---------+---------+-------+---------+---------+-------
